 Dungeon Crawl Stone Soup version 0.28.0-45-g0d030f2227 (webtiles) character file.

Game seed: 1641976549432094843

5811 DearestLeader the Blocker (level 10, -3/82 HPs)
             Began as a Gnoll Fighter on Apr 4, 2022.
             Was a Believer of Okawaru.
             Slain by a hornet zombie (10 damage)
             ... on level 8 of the Dungeon on Apr 6, 2022.
             The game lasted 00:15:25 (8993 turns).

DearestLeader the Blocker (Gnoll Fighter)           Turns: 8993, Time: 00:15:25

Health: -3/82      AC: 13    Str: 18    XL:     10   Next: 79%
Magic:  5/6        EV: 14    Int:  7    God:    Okawaru [**....]
Gold:   384        SH:  6    Dex: 16    Spells: 20/20 levels left

rFire   + . .      SeeInvis .   w - +12 dagger "Odirasoe" {antimagic, rPois Str-3 Dex+5}
rCold   + . .      Faith    .   c - +0 buckler
rNeg    . . .      Spirit   .   G - +0 steam dragon scales
rPois   +          Reflect  .   L - +0 helmet
rElec   +          Harm     .   k - +0 cloak
rCorr   +          Rampage  .   Q - +0 pair of gloves
Will    +....                   (no boots)
Stlth   +++.......              (no amulet)
HPRegen 0.23/turn               A - ring of willpower
MPRegen 0.10/turn               j - ring of wizardry

@: resistant, hasted, studying Bows, very quick
A: fangs 1, strong nose, distributed training, iridescent scales 1
a: Renounce Religion, Heroism


You were on level 8 of the Dungeon.
You worshipped Okawaru.
Okawaru was pleased with you.
You visited 2 branches of the dungeon, and saw 9 of its levels.
You also visited: Sewer.

You collected 605 gold pieces.
You spent 221 gold pieces at shops.

Inventory:

Hand Weapons
 w - the +12 dagger "Odirasoe" (weapon) {antimagic, rPois Str-3 Dex+5}
   (You found it on level 3 of the Dungeon)

   It reduces the magical energy of the wielder, and disrupts the spells and
   magical abilities of those it strikes.
   Natural abilities and divine invocations are not affected.
   Str:       It affects your strength (-3).
   Dex:       It affects your dexterity (+5).
   rPois:     It protects you from poison.
 y - a +2 vorpal broad axe
 N - a +5 battleaxe
 O - a +3 morningstar
 P - a +3 dire flail of freezing
Missiles
 n - 36 sling bullets
 q - 4 atropa-tipped darts (quivered)
 M - 2 throwing nets
Armour
 c - a +0 buckler (worn)
 f - a +0 scale mail of cold resistance
 k - a +0 cloak (worn)
 G - +0 steam dragon scales (worn)
 L - a +0 helmet (worn)
 Q - a +0 pair of gloves (worn)
Jewellery
 e - a ring of fire
 j - a ring of wizardry (right hand)
 A - a ring of willpower (left hand)
 H - the amulet "Toribal" {Regen+ Str+6}
   (You found it on level 6 of the Dungeon)

   [amulet of regeneration]

   Str:       It affects your strength (+6).
   Regen:     It increases your rate of health regeneration.
 K - a ring of flight
Wands
 F - a wand of charming (18)
Scrolls
 a - 3 scrolls of vulnerability {unknown}
 b - 2 scrolls of immolation {unknown}
 g - 6 scrolls of teleportation
 h - a scroll of fog {unknown}
 i - a scroll of fear
 l - 5 scrolls of blinking
 v - 2 scrolls of enchant armour {unknown}
 C - a scroll of torment {unknown}
 E - 2 scrolls of noise {unknown}
 I - a scroll of amnesia {unknown}
 J - 6 scrolls of identify
Potions
 d - a potion of might
 m - a potion of brilliance {unknown}
 o - 2 potions of degeneration {unknown}
 p - 4 potions of flight
 r - 2 potions of haste
 s - a potion of experience {unknown}
 t - a potion of resistance
 u - a potion of mutation
 x - 3 potions of attraction
 z - a potion of lignification {unknown}
 B - a potion of ambrosia {unknown}
 D - a potion of curing


   Skills:
 + Level 8.7 Fighting
 + Level 5.6 Short Blades
 + Level 5.6 Long Blades
 + Level 7.3 Axes
 + Level 5.6 Maces & Flails
 + Level 5.6 Polearms
 + Level 5.6 Staves
 + Level 5.6 Slings
 + Level 7.0 Bows
 + Level 5.6 Crossbows
 + Level 5.6 Throwing
 + Level 8.7 Armour
 + Level 5.6 Dodging
 + Level 5.6 Stealth
 + Level 8.7 Shields
 + Level 5.6 Unarmed Combat
 + Level 5.6 Spellcasting
 + Level 4.6 Conjurations
 + Level 4.6 Hexes
 + Level 4.6 Summonings
 + Level 4.6 Necromancy
 + Level 4.6 Translocations
 + Level 4.6 Transmutations
 + Level 4.6 Fire Magic
 + Level 4.6 Ice Magic
 + Level 4.6 Air Magic
 + Level 4.6 Earth Magic
 + Level 4.6 Poison Magic
 + Level 6.1 Invocations
 + Level 5.6 Evocations


You had 20 spell levels left.
You didn't know any spells.
Your spell library contained the following spells:

 Spells                   Type           Power      Damage    Failure   Level
 Frozen Ramparts          Ice            16%        1d3       6%          3
 Gell's Gravitas          Tloc           8%         N/A       6%          3
 Lesser Beckoning         Tloc           8%         N/A       6%          3
 Portal Projectile        Hex/Tloc       16%        N/A       6%          3
 Teleport Other           Tloc           8%         N/A       6%          3
 Ice Form                 Ice/Tmut       8%         N/A       19%         4
 Leda's Liquefaction      Hex/Erth       4%         N/A       19%         4
 Iskenderun's Battlesphe  Conj           8%         2d6       45%         5
 Iron Shot                Conj/Erth      4%         9d2       95%         6
 Call Canine Familiar     Summ           Unusable   N/A       N/A         3
 Summon Ice Beast         Ice/Summ       Unusable   N/A       N/A         4
 Spellforged Servitor     Conj/Summ      Unusable   N/A       N/A         7

Dungeon Overview and Level Annotations

Branches:
Dungeon (8/15)             Temple (1/1) D:4           Sewer (visited)
   Lair: D:8-11

Altars:
Ashenzari
Cheibriados
Dithmenos
Elyvilon
Fedhas
Gozag
Kikubaaqudgha
Makhleb
Nemelex Xobeh
Okawaru
Qazlal
Ru
Sif Muna
Trog
Wu Jian
Yredelemnul
Zin
The Shining One

Shops:
D:2 (   D:4 !


Innate Abilities, Weirdness & Mutations

You have very sharp teeth.
Your uncanny sense of smell can sniff out nearby items.
Your experience applies equally to all skills.
You are partially covered in iridescent scales. (AC +2)


Message History

The gnoll sergeant blocks your attack.
The gnoll sergeant is almost dead.
You feel like a meek peon again. You block the gnoll's attack.
The gnoll hits you but does no damage.
The gnoll hits you from afar with a +0 spear.
* * * LOW HITPOINT WARNING * * *
You see here a bullfrog corpse.
You hit the gnoll sergeant.
You kill the gnoll sergeant!
Okawaru accepts your kill. The gnoll completely misses you.
Your Bows skill increases to level 7!
You puncture the gnoll!
The gnoll is severely wounded.
The gnoll misses you. The gnoll hits you but does no damage.
You puncture the gnoll!
You kill the gnoll!
Okawaru accepts your kill.
The gnoll hits you but does no damage. x3
Items here: ))) ††.
You puncture the gnoll!
You kill the gnoll!
Okawaru accepts your kill.
You closely miss the gnoll. The gnoll closely misses you.
The gnoll barely misses you. The hornet zombie barely misses you.
You see here a bullfrog corpse.
You puncture the gnoll!
The gnoll is severely wounded.
The gnoll hits you but does no damage.
You puncture the gnoll!
You kill the gnoll!
Okawaru accepts your kill.
You barely miss the hornet zombie. Your bite misses the hornet zombie.
The gnoll misses you.
You closely miss the hornet zombie. You block the hornet zombie's attack.
You puncture the hornet zombie!
You bite the hornet zombie, but do no damage.
The hornet zombie is moderately damaged.
You block the gnoll's attack. The hornet zombie hits you!
You die...

......# ......# .##
.g.g..# #.# ..gg..#
#.# .###..# #.# ##
#..########.# #
##..........# #
##.........g######
#
#..#######..Z@...#
##.#######..)##)###
#...........##### #
#..........##
#.........##
#........##
....##.)# #.##
#..># #....#..##
###


You could see a gnoll and a hornet zombie.

Vanquished Creatures
  A centaur warrior (D:8)
  A two-headed ogre (D:6)
  A cyclops (D:8)
  2 centaur zombies
  A gargoyle (D:5)
  Maggie (D:6)
  5 yaks (D:8)
  2 water moccasins
  A black bear (D:4)
  A necrophage (D:4)
  3 orc warriors (D:8)
  An ogre (D:6)
  2 phantoms
  A kobold brigand (Sewer)
  3 bullfrogs
  2 scorpions
  3 gnoll sergeants
  2 water moccasin skeletons
  A killer bee (D:8)
  5 wights (D:8)
  A howler monkey (D:8)
  A bullfrog zombie (D:6)
  2 orc priests (D:8)
  2 hounds
  4 centaur skeletons
  3 iguanas
  Natasha (D:4)
  2 orc wizards (D:8)
  12 gnolls
  7 adders
  2 river rats (Sewer)
  A shadow imp (D:7)
  A white imp (D:5)
  An adder skeleton (D:2)
  3 dart slugs
  25 orcs
  2 bats
  8 endoplasms
  A giant cockroach (D:3)
  5 goblins
  10 hobgoblins
  2 jackals (D:1)
  8 quokkas
  12 ball pythons
  2 frilled lizards
  A goblin zombie (D:7)
  4 hobgoblin zombies (D:7)
  26 kobolds
  2 kobold skeletons (D:7)
  2 kobold zombies (D:7)
  An orc skeleton (D:7)
  An orc zombie (D:7)
  28 rats
222 creatures vanquished.

Vanquished Creatures (others)
  A killer bee zombie (D:7)
  A gnoll (D:7)
2 creatures vanquished.

Grand Total: 224 creatures vanquished

Notes
Turn   | Place    | Note
-------+----------+-------------------------------------------
     0 | D:1      | DearestLeader the Gnoll Fighter began the quest for the
                  | Orb.
     0 | D:1      | Reached XP level 1. HP: 23/23 MP: 1/1
   408 | D:1      | Reached XP level 2. HP: 26/29 MP: 2/2
   501 | D:1      | Found a faded altar of an unknown god.
   708 | D:1      | Reached XP level 3. HP: 34/35 MP: 3/3
  1192 | D:2      | Reached skill level 1 in Invocations
  1416 | D:2      | Found Wugod's Antique Weapon Emporium.
  1549 | D:2      | Reached skill level 1 in Short Blades
  1549 | D:2      | Reached skill level 1 in Long Blades
  1549 | D:2      | Reached skill level 1 in Maces & Flails
  1549 | D:2      | Reached skill level 1 in Polearms
  1549 | D:2      | Reached skill level 1 in Staves
  1549 | D:2      | Reached skill level 1 in Slings
  1549 | D:2      | Reached skill level 1 in Bows
  1549 | D:2      | Reached skill level 1 in Crossbows
  1549 | D:2      | Reached skill level 1 in Throwing
  1549 | D:2      | Reached skill level 1 in Dodging
  1549 | D:2      | Reached skill level 1 in Stealth
  1549 | D:2      | Reached skill level 1 in Unarmed Combat
  1549 | D:2      | Reached skill level 1 in Spellcasting
  1549 | D:2      | Reached skill level 1 in Evocations
  1549 | D:2      | Reached XP level 4. HP: 41/41 MP: 5/5
  1852 | D:3      | Reached skill level 1 in Conjurations
  1852 | D:3      | Reached skill level 1 in Hexes
  1852 | D:3      | Reached skill level 1 in Summonings
  1852 | D:3      | Reached skill level 1 in Necromancy
  1852 | D:3      | Reached skill level 1 in Translocations
  1852 | D:3      | Reached skill level 1 in Transmutations
  1852 | D:3      | Reached skill level 1 in Fire Magic
  1852 | D:3      | Reached skill level 1 in Ice Magic
  1852 | D:3      | Reached skill level 1 in Air Magic
  1852 | D:3      | Reached skill level 1 in Earth Magic
  1852 | D:3      | Reached skill level 1 in Poison Magic
  1859 | D:3      | Found a white marble altar of Elyvilon.
  2028 | D:3      | Found a glowing drain.
  2101 | Sewer    | Entered a sewer
  2249 | Sewer    | Reached XP level 5. HP: 47/47 MP: 6/6
  2257 | Sewer    | Noticed a kobold brigand
  2275 | Sewer    | Killed a kobold brigand
  2442 | Sewer    | Reached XP level 6. HP: 40/53 MP: 8/8
  3170 | D:3      | Found a bloodstained altar of Trog.
  3233 | D:3      | Identified the +12 dagger "Odirasoe" {antimagic, rPois
                  | Str-3 Dex+5}
  3618 | D:4      | Noticed a black bear
  3619 | D:4      | Found a staircase to the Ecumenical Temple.
  3632 | D:4      | Killed a black bear
  3633 | D:4      | Reached skill level 5 in Axes
  3639 | Temple   | Entered the Ecumenical Temple
  3926 | D:2      | Bought a glowing broad axe for 182 gold pieces
  3969 | D:4      | Noticed a necrophage
  3977 | D:4      | Killed a necrophage
  3978 | D:4      | Reached XP level 7. HP: 45/60 MP: 3/10
  4073 | D:4      | You fall into a shaft and drop 3 floors!
  4073 | D:7      | Found a glowing golden altar of the Shining One.
  4134 | D:6      | Found a large runed translucent door.
  4134 | D:6      | Found a large runed translucent door.
  4156 | D:5      | Entered Level 5 of the Dungeon
  4441 | D:5      | Noticed a gargoyle
  4479 | D:4      | Found Qeub's Distillery.
  4485 | D:4      | Bought a potion of curing for 39 gold pieces
  4828 | D:4      | Found a stormy altar of Qazlal.
  4831 | D:4      | Noticed a water elemental
  4831 | D:4      | Noticed an air elemental
  4831 | D:4      | Noticed a fire elemental
  4985 | D:4      | Noticed Natasha
  4994 | D:4      | Killed Natasha
  5135 | D:5      | Killed a gargoyle
  5136 | D:5      | Reached XP level 8. HP: 60/67 MP: 4/12
  5698 | D:6      | Noticed Maggie
  5707 | D:6      | Killed Maggie
  5892 | D:6      | Identified the amulet "Toribal" {Regen+ Str+6}
  5933 | D:6      | Reached XP level 9. HP: 67/73 MP: 4/14
  6487 | D:6      | Noticed a two-headed ogre
  6522 | D:6      | Found a blossoming altar of Fedhas.
  6525 | D:6      | Found a broken altar of Ashenzari.
  6533 | D:6      | Killed a two-headed ogre
  6534 | D:6      | Reached skill level 5 in Bows
  6575 | D:7      | Reached skill level 5 in Invocations
  6728 | D:7      | Found an ancient bone altar of Kikubaaqudgha.
  6835 | D:7      | Found an iron altar of Okawaru.
  6848 | D:7      | Became a worshipper of Warmaster Okawaru
  7346 | D:8      | Reached XP level 10. HP: 46/80 MP: 5/17
  7576 | D:8      | Noticed a centaur warrior
  7577 | D:8      | Noticed a white ugly thing
  7611 | D:8      | Reached skill level 5 in Short Blades
  7611 | D:8      | Reached skill level 5 in Long Blades
  7611 | D:8      | Reached skill level 5 in Maces & Flails
  7611 | D:8      | Reached skill level 5 in Polearms
  7611 | D:8      | Reached skill level 5 in Staves
  7611 | D:8      | Reached skill level 5 in Slings
  7611 | D:8      | Reached skill level 5 in Crossbows
  7611 | D:8      | Reached skill level 5 in Throwing
  7611 | D:8      | Reached skill level 5 in Dodging
  7611 | D:8      | Reached skill level 5 in Stealth
  7611 | D:8      | Reached skill level 5 in Unarmed Combat
  7611 | D:8      | Reached skill level 5 in Spellcasting
  7611 | D:8      | Reached skill level 5 in Evocations
  7623 | D:8      | Reached * piety under Okawaru
  7665 | D:8      | Gained mutation: You are partially covered in iridescent
                  | scales. (AC +2) [potion of mutation]
  7669 | D:8      | HP: 4/82 [centaur warrior (1)]
  7671 | D:8      | Killed a centaur warrior
  8031 | D:8      | Reached ** piety under Okawaru
  8218 | D:8      | Noticed a cyclops
  8233 | D:8      | Killed a cyclops
  8972 | D:8      | HP: 4/82 [gnoll sergeant/+0 spear (5)]
  8993 | D:8      | Slain by a hornet zombie

Illustrated notes

Levels and vault maps discovered:
D:1:      elethiomel_arrival_maze, layout_loops_cross, basic_ecumenical_altar
D:2:      layout_loops_ring, serial_shops, nicolae_shop_window_shopping
D:3:      layout_loops_ring, amcnicky_altar_gilded, trog_book,
          portal_sewer_entry_d
D:4:      layout_basic, nicolae_qazlal_style_of_elements,
          minmay_temple_entry_mini_moons, serial_shops, shop, uniq_natasha
D:5:      layout_loops_ring
D:6:      layout_loops_ring, jmf_multi_god_temple2, grunt_ministairs_9,
          uniq_maggie
D:7:      layout_cave_pools, okawaru_altar_gauntlet_db,
          nicolae_tso_besieged_by_evil, kennysheep_mini_moat,
          lemuel_flamethrower_2
D:8:      minmay_the_grid_triangle_9x9_recursive_2
          [minmay_the_grid_triangle_9x9_prize_center,
          minmay_the_grid_triangle_9x9_alien,
          minmay_the_grid_triangle_9x9_warning,
          minmay_the_grid_triangle_9x9_from_above], layout_layer_cave,
          gammafunk_ghost_smash, special_room [special_room_orc], serial_shops,
          nicolae_shop_bloodbath_and_beyond
Temple:   cyrus_temple_forest

Skill      XL: |  1  2  3  4  5  6  7  8  9 10 |
---------------+-------------------------------+-----
Invocations    | 1 2 3 4 5 6 |  6.1
Short Blades   | 1 2 3 4 5 |  5.6
Long Blades    | 1 2 3 4 5 |  5.6
Maces & Flails | 1 2 3 4 5 |  5.6
Polearms       | 1 2 3 4 5 |  5.6
Staves         | 1 2 3 4 5 |  5.6
Slings         | 1 2 3 4 5 |  5.6
Bows           | 1 2 3 5 7 |  7.0
Crossbows      | 1 2 3 4 5 |  5.6
Throwing       | 1 2 3 4 5 |  5.6
Dodging        | 1 2 3 4 5 |  5.6
Stealth        | 1 2 3 4 5 |  5.6
Unarmed Combat | 1 2 3 4 5 |  5.6
Spellcasting   | 1 2 3 4 5 |  5.6
Evocations     | 1 2 3 4 5 |  5.6
Conjurations   | 1 2 3 4 |  4.6
Hexes          | 1 2 3 4 |  4.6
Summonings     | 1 2 3 4 |  4.6
Necromancy     | 1 2 3 4 |  4.6
Translocations | 1 2 3 4 |  4.6
Transmutations | 1 2 3 4 |  4.6
Fire Magic     | 1 2 3 4 |  4.6
Ice Magic      | 1 2 3 4 |  4.6
Air Magic      | 1 2 3 4 |  4.6
Earth Magic    | 1 2 3 4 |  4.6
Poison Magic   | 1 2 3 4 |  4.6
Axes           | 5 6 7 |  7.3
Fighting       | 7 8 |  8.7
Armour         | 7 8 |  8.7
Shields        | 7 8 |  8.7

Action                   |  1- 3 |  4- 6 |  7- 9 | 10-12 || total
-------------------------+-------+-------+-------+-------++-------
Melee: War axe           |    86 |   173 |       |       ||   259
       Bite              |     6 |    19 |    31 |    31 ||    87
       Dagger            |       |    29 |   216 |   196 ||   441
Throw: Dart              |       |       |     4 |       ||     4
Invok: Heroism           |       |       |       |     1 ||     1
  Use: Scroll            |       |     3 |     4 |       ||     7
       Potion            |       |       |     5 |     8 ||    13
 Stab: Sleeping          |       |       |     3 |     3 ||     6
Armor: Scale mail        |    36 |   108 |    35 |       ||   179
       Steam dragon scal |       |       |    37 |    46 ||    83
Dodge: Dodged            |    29 |    89 |   103 |   102 ||   323
Block: Buckler           |    18 |    77 |    63 |    57 ||   215
